 Dungeon Crawl Stone Soup version 0.29-a0-25-g7f48f510a0 (webtiles) character file.

Game seed: 12678839098098821153

23 HallandMoats the Skirmisher (level 3, 26/26 HPs)
             Began as an Octopode Monk on Jan 31, 2022.
             Was a Priest of Lugonu.
             Got out of the dungeon alive.
             The game lasted 00:00:56 (891 turns).

HallandMoats the Skirmisher (Octopode Monk)          Turns: 891, Time: 00:00:57

Health: 26/26      AC:  1    Str: 12    XL:     3   Next: 0%
Magic:  3/3        EV: 14    Int: 12    God:    Lugonu [***...]
Gold:   12         SH:  0    Dex: 14    Spells: 2/2 levels left

rFire   . . .      SeeInvis .   a - +0 spear
rCold   . . .      Faith    .   (no shield)
rNeg    . . .      Spirit   .   (helmet restricted)
rPois   .          Reflect  .   (no amulet)
rElec   .          Harm     .   (no ring)
rCorr   .          Rampage  .   (no ring)
Will    .....                   (no ring)
Stlth   +++.......              (no ring)
HPRegen 0.08/turn               (no ring)
MPRegen 0.08/turn               (no ring)
                                (no ring)
                                (no ring)

@: no status effects
A: almost no armour, amphibious, 8 rings, camouflage 1, gelatinous body 1,
(nimble swimmer 1), tentacles
a: Renounce Religion, Depart the Abyss, Bend Space, Banish


You escaped.
You worshipped Lugonu.
Lugonu was most pleased with you.
You visited 1 branch of the dungeon, and saw 1 of its levels.

You collected 12 gold pieces.

Inventory:

Hand Weapons
 a - a +0 spear (weapon)
Scrolls
 b - a scroll of brand weapon {unknown}
 d - a scroll of fog {unknown}
Potions
 c - a potion of flight {unknown}
 e - a potion of attraction {unknown}


   Skills:
 * Level 3.4 Fighting
 * Level 3.3 Polearms
 + Level 3.1 Dodging
 - Level 2.6 Stealth
 + Level 0.8 Invocations


You had 2 spell levels left.
You didn't know any spells.
Your spell library was empty.

Dungeon Overview and Level Annotations

Branches:
Dungeon (1/15)

Altars:
Lugonu

Shops:
D:1 (


Innate Abilities, Weirdness & Mutations

You cannot wear most types of armour.
You are amphibious.
You can wear up to eight rings at the same time.
Your skin changes colour to match your surroundings (Stealth+).
Your rubbery body absorbs attacks. (AC +1, EV +1)
((You are camouflaged when in or above water. (Stealth+)))
You have tentacles for arms and can constrict up to eight enemies at once.


Message History

A ball python comes into view.
A ball python is nearby!
The ball python hisses angrily.
You hit the ball python. Your grab misses the ball python.
You squeeze the ball python.
You kill the ball python!
No target in view!
No target in view!
No target in view!
No target in view!
No target in view!
There is a dry fountain here.
There is an empty arch of ancient stone here.
There is a faded altar of an unknown god here.
You cannot tell which god this altar belongs to.
Convert to them anyway?
Lugonu accepts your prayer! Lugonu welcomes you!
You can now depart the Abyss.
You can now bend space around yourself.
You can now banish your foes.
Unknown command.
Press < or > to pray at altars.
(D) Dungeon
Where to? (? - help)
What level of the Dungeon? (default 1, ? - help)
An endoplasm comes into view.
You reach to attack!
The helpless endoplasm fails to defend itself.
You hit the endoplasm.
You kill the endoplasm!
Lugonu accepts your kill.
You have reached level 3!
Your experience leads to an increase in your attributes!
Increase (S)trength, (I)ntelligence, or (D)exterity?
You feel stronger. x2
(D) Dungeon
Where to? (Enter - D:1 @ (x,y), ? - help)
There is an open door here.
There is a staircase leading out of the dungeon here.
Are you sure you want to leave the Dungeon?
This will make you lose the game!
You have escaped!

#######
#.....#
#..@..#
#.....#
#.###.#
#.#.#.#
#.###.#
#.....#
#.....#
#.....#
###'#########


There were no monsters in sight!

Vanquished Creatures
  A dart slug (D:1)
  2 endoplasms (D:1)
  A giant cockroach (D:1)
  2 goblins (D:1)
  2 hobgoblins (D:1)
  3 jackals (D:1)
  A quokka (D:1)
  2 ball pythons (D:1)
  A bat (D:1)
  A frilled lizard (D:1)
  A kobold (D:1)
  2 rats (D:1)
19 creatures vanquished.

Notes
Turn   | Place    | Note
-------+----------+-------------------------------------------
     0 | D:1      | HallandMoats the Octopode Monk began the quest for the Orb.
     0 | D:1      | Reached XP level 1. HP: 16/16 MP: 1/1
   104 | D:1      | Found Guve's Weapon Shoppe.
   122 | D:1      | Reached XP level 2. HP: 11/21 MP: 2/2
   774 | D:1      | Found a faded altar of an unknown god.
   809 | D:1      | Prayed at the altar of an unknown god.
   809 | D:1      | Became a worshipper of Lugonu the Unformed
   809 | D:1      | Reached * piety under Lugonu
   809 | D:1      | Reached ** piety under Lugonu
   809 | D:1      | Reached *** piety under Lugonu
   853 | D:1      | Reached XP level 3. HP: 26/26 MP: 3/3
   891 | D:$      | Got out of the dungeon alive.

Illustrated notes

Levels and vault maps discovered:
D:1:      nicolae_arrival_memento_mori, layout_basic, serial_shops,
          nicolae_shop_crystal, shapermc_ecumenical_altar_venn,
          minmay_misc_feat_enclosed

Action                   || total
-------------------------++-------
Melee: Spear             ||    40
       Tentacles         ||     8
       Constrict         ||     4
 Stab: Sleeping          ||     9
Armor: Skin              ||     1
Dodge: Dodged            ||    19

Table legend: (Time is in decaauts)
 A = Elapsed time spent in this place.
 B = Non-inter-level travel time spent in this place.
 C = Inter-level travel time spent in this place.
 D = Time resting spent in this place.
 E = Time spent auto-exploring this place.
 F = Levels seen in this place.
 G = Mean time per level.
                   A        B        C        D        E       F      G
               +--------+--------+--------+--------+--------+-----+--------+
         Total |    888 |    813 |     75 |    211 |    490 |   1 |  888.0 |
       Dungeon |    888 |    813 |     75 |    211 |    490 |   1 |  888.0 |
               +--------+--------+--------+--------+--------+-----+--------+

Top non-repeatable levels by time:
     D:1: 888 daAuts
